 Dungeon Crawl Stone Soup version 0.29-a0-322-g68df515428 (webtiles) character file.

Game seed: 6684377932680213125

1921 Leszczynek the Chopper (level 9, -4/108 HPs)
             Began as a Human Gladiator on Apr 6, 2022.
             Slain by a vampire mosquito (8 damage)
             ... on level 7 of the Dungeon.
             The game lasted 00:21:52 (2671 turns).

Leszczynek the Chopper (Human Gladiator)            Turns: 2671, Time: 00:21:52

Health: -4/108     AC: 24    Str: 18    XL:     9   Next: 39%
Magic:  9/9        EV:  2    Int: 10    God:
Gold:   100        SH:  0    Dex: 14    Spells: 7/8 levels left

rFire   . . .      SeeInvis .   a - +0 war axe
rCold   . . .      Faith    .   (no shield)
rNeg    . . .      Spirit   .   (body armour currently unavailable)
rPois   +          Reflect  .   (helmet currently unavailable)
rElec   .          Harm     .   (cloak currently unavailable)
rCorr   .          Rampage  .   (gloves currently unavailable)
Will    .....      NoTele   +   (boots currently unavailable)
Stlth   +.........              (no amulet)
HPRegen 0.28/turn               (no ring)
MPRegen 0.11/turn               (no ring)

@: tree-form
A: stationary, stasis, torment immunity, boosted hp
a: no special abilities


You were on level 7 of the Dungeon.
You were a tree.
You visited 1 branch of the dungeon, and saw 7 of its levels.

You collected 100 gold pieces.

Inventory:

Hand Weapons
 a - a +0 war axe (weapon)
 s - a +0 long sword
Missiles
 h - 2 poisoned darts (quivered)
 v - 4 javelins
Armour
 k - a +0 pair of boots (melded)
 q - a +1 cloak of poison resistance (melded)
 r - a +1 helmet (melded)
 w - +0 steam dragon scales (melded)
Wands
 j - a wand of mindburst (11)
Scrolls
 d - a scroll of teleportation
 f - a scroll of fear
 g - 2 scrolls of enchant weapon
 i - a scroll of summoning {unknown}
 l - 2 scrolls of magic mapping
 m - a scroll of enchant armour {unknown}
 o - a scroll of noise {unknown}
 t - a scroll of fog {unknown}
 u - a scroll of blinking {unknown}
Potions
 b - 3 potions of magic
 e - a potion of flight


   Skills:
 * Level 7.0 Fighting
 * Level 7.5 Axes
 + Level 5.0 Throwing
 + Level 5.5 Dodging


You had 7 spell levels left.
You knew the following spells:

 Your Spells              Type           Power      Damage    Failure   Level
A - Apportation           Tloc           0%         N/A       36%         1

Your spell library contained the following spells:

 Spells                   Type           Power      Damage    Failure   Level
 Ensorcelled Hibernation  Hex/Ice        0%         N/A       50%         2
 Passwall                 Tmut/Erth      0%         N/A       50%         2
 Swiftness                Air            0%         N/A       75%         3
 Animate Dead             Necr           0%         N/A       98%         4
 Alistair's Intoxication  Tmut/Pois      0%         N/A       100%        5
 Borgnjor's Vile Clutch   Necr/Erth      0%         N/A       100%        5
 Death Channel            Necr           0%         N/A       100%        6


Dungeon Overview and Level Annotations

Branches:
Dungeon (7/15)
 Temple: D:4-7

Altars:
Elyvilon
Fedhas
Kikubaaqudgha
Qazlal
Uskayaw
Wu Jian


Message History

The vampire mosquito bites you but does no damage.
The vampire mosquito bites you.
* * * LOW HITPOINT WARNING * * *
The vampire mosquito draws strength from your injuries!
The centaur unwields a +2 shortbow of flaming.
It stops flaming.
The centaur hits you but does no damage.
The centaur kicks you but does no damage.
The vampire mosquito bites you but does no damage. x3
The centaur hits you but does no damage.
The centaur kicks you but does no damage.
Unknown command.
You miss the vampire mosquito. You slash the vampire mosquito!
You hit the centaur but do no damage. You miss the vampire mosquito.
You feel less invigorated.
You feel less confused.
The vampire mosquito bites you but does no damage.
The vampire mosquito barely misses you. x2; The vampire mosquito bites you!
* * * LOW HITPOINT WARNING * * *
The vampire mosquito draws strength from your injuries!
The centaur hits you but does no damage.
The centaur completely misses you.
The vampire mosquito bites you but does no damage.
The vampire mosquito bites you.
* * * LOW HITPOINT WARNING * * *
The vampire mosquito draws strength from your injuries!
You hit the centaur.
The centaur is lightly wounded.
You barely miss the vampire mosquito. You hit the vampire mosquito. x2
The vampire mosquito bites you but does no damage.
The vampire mosquito bites you.
* * * LOW HITPOINT WARNING * * *
The vampire mosquito draws strength from your injuries!
The vampire mosquito bites you but does no damage.
The centaur hits you.
* * * LOW HITPOINT WARNING * * *
The centaur kicks you but does no damage.
The vampire mosquito bites you but does no damage. x2
The vampire mosquito bites you!
You die...

.####.##)#####
'####.##.##..##
.#....#.......#
.#....'.......#
###...##.....#####
. #...##.....##..##
>.#...........+...#
..'...........#...#
...........####y♣.#
.####.####...##cyy#
##.....##....)...#
#.......#........#
#.......#...##.<.#
....._.......##...#
.#.......#........#
.#.......#!.......#
##.....##......F.


You could see 3 vampire mosquitoes and a centaur.

Vanquished Creatures
  Maggie (D:7)
  A wyvern (D:7)
  Edmund (D:6)
  2 water moccasins
  An orc warrior (D:7)
  3 black bears
  A centaur (D:6)
  A phantom (D:6)
  2 scorpions
  A killer bee (D:6)
  Crazy Yiuf (D:5)
  A gnoll shaman (D:7)
  4 orc priests
  3 hounds
  4 orc wizards
  3 gnolls (D:7)
  2 adders
  A white imp (D:7)
  An ufetubus (D:5)
  A worm (D:3)
  2 dart slugs
  31 orcs
  2 endoplasms (D:3)
  2 giant cockroaches (D:2)
  4 goblins
  A hobgoblin (D:3)
  5 kobolds
  A ball python (D:3)
  3 bats
  A frilled lizard (D:3)
  4 rats
91 creatures vanquished.

Notes
Turn   | Place    | Note
-------+----------+-------------------------------------------
     0 | D:1      | Leszczynek the Human Gladiator began the quest for the Orb.
     0 | D:1      | Reached XP level 1. HP: 16/16 MP: 1/1
    37 | D:2      | Reached XP level 2. HP: 6/22 MP: 2/2
   250 | D:2      | Found an ornate altar of the Wu Jian Council.
   299 | D:3      | HP: 4/23 [poisoned by a kobold]
   455 | D:2      | Reached XP level 3. HP: 19/28 MP: 3/3
   474 | D:2      | this 4/12 sure feels like 2/6 this game
   474 | D:2      | everything hits somehow
   812 | D:3      | Reached XP level 4. HP: 34/34 MP: 4/4
  1029 | D:4      | Found an ancient bone altar of Kikubaaqudgha.
  1030 | D:4      | Found a hide-covered altar of Uskayaw.
  1030 | D:4      | Found a white marble altar of Elyvilon.
  1031 | D:4      | Found a blossoming altar of Fedhas.
  1061 | D:5      | Entered Level 5 of the Dungeon
  1094 | D:5      | Found a runed translucent door.
  1095 | D:5      | Noticed Crazy Yiuf
  1105 | D:5      | Killed Crazy Yiuf
  1106 | D:5      | Reached skill level 3 in Fighting
  1141 | D:5      | Noticed a scorpion
  1151 | D:5      | Killed a scorpion
  1152 | D:5      | Reached skill level 4 in Axes
  1152 | D:5      | Reached XP level 5. HP: 27/41 MP: 5/5
  1159 | D:5      | Reached XP level 6. HP: 26/47 MP: 6/6
  1181 | D:5      | Noticed a black bear
  1195 | D:5      | Killed a black bear
  1196 | D:5      | Reached skill level 4 in Fighting
  1196 | D:5      | Reached skill level 3 in Throwing
  1294 | D:5      | Noticed a black bear
  1302 | D:5      | Killed a black bear
  1303 | D:5      | Reached skill level 4 in Dodging
  1303 | D:5      | Reached XP level 7. HP: 36/54 MP: 7/7
  1337 | D:5      | Reached skill level 5 in Axes
  1621 | D:6      | Learned a level 1 spell: Apportation
  1638 | D:6      | Noticed a water moccasin
  1646 | D:6      | Killed a water moccasin
  1647 | D:6      | Reached skill level 5 in Fighting
  1647 | D:6      | >rpois
  1676 | D:6      | Reached XP level 8. HP: 26/62 MP: 8/8
  1727 | D:6      | Noticed Edmund
  1728 | D:6      | Reached skill level 4 in Throwing
  1737 | D:6      | Reached skill level 6 in Axes
  1742 | D:6      | HP: 17/94 [Edmund/+1 flail of protection (18)]
  1746 | D:6      | Killed Edmund
  1750 | D:6      | HP: 10/64 [killer bee (5)]
  1765 | D:6      | nice bees in an open layout on d:6
  1765 | D:6      | very fun
  1968 | D:7      | Noticed Maggie
  1973 | D:7      | Reached skill level 6 in Fighting
  1973 | D:7      | Reached skill level 5 in Dodging
  2134 | D:7      | Noticed a wyvern
  2195 | D:7      | Killed a wyvern
  2196 | D:7      | Reached XP level 9. HP: 46/70 MP: 9/9
  2233 | D:7      | Killed Maggie
  2234 | D:7      | Reached skill level 7 in Axes
  2434 | D:7      | Reached skill level 5 in Throwing
  2479 | D:7      | Reached skill level 7 in Fighting
  2639 | D:7      | Found a stormy altar of Qazlal.
  2666 | D:7      | HP: 20/108 [vampire mosquito (5)]
  2671 | D:7      | HP: 7/108 [vampire mosquito (6)]
  2671 | D:7      | Slain by a vampire mosquito

Illustrated notes

##......... ##.........#
#..........#
.##..........#
.............##
..#............
..............#
........@....####
...#.........)†.#########
#.#.........)#..........
#............###########
##.........<.## #
#............# ###
#.#........#.# #..
#.##..>...##.# #.. #
######## .. #..


Turn 474 on D:2: this 4/12 sure feels like 2/6 this game ##.......(#. ........(.
........ .....#...... #...##....! #...##....# ###...#....# ##.##..##.@.#
#..##...#...## #...#........#... #.............# ##...........### #...###...#.)#
#.....#..###.# ###...#..#.#..# ##.............. Turn 1647 on D:6: >rpois
#.........#### .....##...?..# ..#.. ##.....# ..#.. ####..### #.......#
..........## ...#.##....# ...###...### .........@# ..#..#..### ####### Turn 1765
on D:6: nice bees in an open layout on d:6

Levels and vault maps discovered:
D:1:      shiori_shiawase, layout_basic, minmay_tetromino_l2
D:2:      layout_rooms, basic_altar, minmay_curled_crystal
D:3:      layout_loops_ring
D:4:      layout_loops_corners, grunt_temple_overflow_open,
          minmay_temple_entry_trees
D:5:      layout_cave_pools, columned_hall_lemuel, uniq_crazy_yiuf_cottage
D:6:      layout_cave_pools, uniq_edmund
D:7:      layout_gridville, old_standard_altar, uniq_maggie

Skill      XL: |  1  2  3  4  5  6  7  8  9 |
---------------+----------------------------+-----
Fighting       | 3 4 5 6 7 |  7.0
Axes           | 4 5 6 7 |  7.5
Throwing       | 3 4 5 |  5.0
Dodging        | 4 5 |  5.5

Action                   |  1- 3 |  4- 6 |  7- 9 || total
-------------------------+-------+-------+-------++-------
Melee: War axe           |    70 |    46 |   168 ||   284
       Punch             |       |       |     1 ||     1
Throw: Throwing net      |     3 |     4 |     6 ||    13
       Javelin           |       |    12 |    18 ||    30
       Dart              |       |     3 |     8 ||    11
  Use: Scroll            |       |     3 |    10 ||    13
       Potion            |       |       |     7 ||     7
 Stab: Held in net/web   |       |     1 |     3 ||     4
Armor: Leather armour    |    19 |       |       ||    19
       Ring mail         |     7 |    27 |    79 ||   113
       Skin              |       |       |   127 ||   127
       Steam dragon scal |       |       |     7 ||     7
Dodge: Dodged            |    42 |    62 |   127 ||   231

Table legend: (Time is in decaauts)
 A = Elapsed time spent in this place.
 B = Non-inter-level travel time spent in this place.
 C = Inter-level travel time spent in this place.
 D = Time resting spent in this place.
 E = Time spent auto-exploring this place.
 F = Levels seen in this place.
 G = Mean time per level.
                   A        B        C        D        E       F      G
               +--------+--------+--------+--------+--------+-----+--------+
         Total |   2894 |   2847 |     47 |      0 |      0 |   7 |  413.4 |
       Dungeon |   2894 |   2847 |     47 |      0 |      0 |   7 |  413.4 |
               +--------+--------+--------+--------+--------+-----+--------+

Top non-repeatable levels by time:
     D:7: 801 daAuts
     D:3: 540 daAuts
     D:2: 504 daAuts
     D:6: 485 daAuts
     D:5: 425 daAuts
     D:1: 104 daAuts
     D:4: 31 daAuts
